 Dungeon Crawl Stone Soup version 0.30.0-29-ga12c61a403 (webtiles) character file.

Game seed: 6585596406548413834

322 qw the Chopper (level 6, -7/38 HPs)
             Began as a Gargoyle Fighter on June 5, 2023.
             Mangled by a gnoll bouda
             ... wielding a +0 long sword
              (10 damage)
             ... on level 4 of the Dungeon.
             The game lasted 00:01:36 (2863 turns).

qw the Chopper (Gargoyle Fighter)                   Turns: 2863, Time: 00:01:37

Health: -7/38      AC: 13    Str: 22    XL:     6   Next: 47%
Magic:  6/6        EV:  4    Int:  8    God:
Gold:   174        SH:  0    Dex:  9    Spells: 5/5 levels left

rFire   . . .        Y - +0 war axe
rCold   . . .        c - +0 buckler
rNeg    + . .        a - +0 chain mail
rPois   inf          (no helmet)
rElec   +            (no cloak)
rCorr   .            (no gloves)
SInv    +            (no boots)
Will    .....        (no amulet) Stlth
                     e - ring of see invisible
HPRegen 0.26/turn    (no ring)
MPRegen 0.10/turn

%: no passive effects
@: held
A: sickness immunity, AC +4, negative energy resistance 1, electricity
resistance, torment resistance 1, petrification resistance
a: no special abilities


You were on level 4 of the Dungeon.
You visited 1 branch of the dungeon, and saw 4 of its levels.

You collected 174 gold pieces.


Innate Abilities, Weirdness & Mutations

You are immune to sickness and miasma.
Your stone body is resilient. (AC +4)
You are immune to poison.
You resist negative energy. (rN+)
You are resistant to electric shocks. (rElec)
You are resistant to unholy torment.
You are immune to petrification.


   Skills:
 - Level 4.2 Fighting
 + Level 5.6 Axes
 - Level 3.2 Armour
 - Level 3.2 Shields


You had 5 spell levels left.
You didn't know any spells.
Your spell library was empty.

Inventory:

Hand Weapons
 j - a +0 whip of holy wrath
 Y - a +0 war axe (weapon)
Armour
 a - a +0 chain mail (worn)
 b - a +0 pair of gloves
 c - a +0 buckler (worn)
Jewellery
 e - a ring of see invisible (left hand)
Scrolls
 f - a scroll of immolation {unknown}
 m - 2 scrolls of identify
 o - a scroll of vulnerability {unknown}
 p - a scroll of noise {unknown}
Potions
 d - a potion of might
 g - a potion of resistance
 h - a potion of lignification
 i - a potion of haste
 k - a potion of magic {unknown}
 l - a potion of degeneration {unknown}
 n - a potion of brilliance {unknown}

Dungeon Overview and Level Annotations

Branches:
Dungeon (4/15)
 Temple: D:4-7

Altars:
Fedhas


Message History

You hit the scorpion but do no damage.
The scorpion is moderately wounded.
The scorpion stings you.
You slash the scorpion!
You kill the scorpion!
You start resting.
HP restored.
A gnoll comes into view. It is wielding a +0 spear.
Enter note:
Enter note:
Enter note: A gnoll bouda comes into view.
It is wielding a +0 long sword.
The gnoll bouda shouts!
You hear a shout! x3 4 gnolls come into view.
The gnoll shouts! x3
The gnoll barely misses you.
The gnoll bouda barks out a call to the hunt!
The gnolls pick up the pace!
You closely miss the gnoll. The gnoll barely misses you.
The gnoll throws a throwing net.
The throwing net hits you.
You become entangled in the net!
The gnoll hits you with a +0 spear.
You tear a large gash into the net.
The gnoll hits you from afar with a +0 halberd.
The gnoll hits you with a +0 spear.
The gnoll hits you but does no damage. x3
The gnoll bouda hits you with a +0 long sword.
The gnoll hits you but does no damage. x2
The gnoll bouda hits you with a +0 long sword.
The gnoll hits you but does no damage.
The gnoll hits you but does no damage. x2
The gnoll bouda hits you with a +0 long sword!
The gnoll barely misses you.
The gnoll hits you from afar with a +0 halberd.
The gnoll barely misses you.
The gnoll bouda hits you but does no damage.
The gnoll hits you with a +0 spear!
The gnoll hits you but does no damage. x2
The gnoll bouda hits you with a +0 long sword!
You die...

#.# # #.# # #####.#### #
#........# # #.###%##.# #
#........# ##+# #
##..##.##.###...## #
#.........##.....## ###
#..#.####@#.......## ##.#
##.####.....###ggg.......####...
..>.............gg.......'.....)
##.####.#...####.........####...
#.##.## #.......## ##.# #.####
##.....## ### #.# ##### ##...##
# #.###...## ##'## # #.##.....##
#.# .


You could see a gnoll bouda and 4 gnolls.

Vanquished Creatures
  2 scorpions (D:4)
  A hound (D:4)
  2 iguanas (D:4)
  4 adders
  2 worms (D:3)
  4 dart slugs
  5 orcs
  4 endoplasms
  9 goblins
  6 hobgoblins
  2 jackals (D:1)
  3 quokkas
  7 ball pythons
  8 bats
  4 frilled lizards
  5 kobolds
  7 rats
75 creatures vanquished.

Notes
Turn   | Place    | Note
-------+----------+-------------------------------------------
     0 | D:1      | qw the Gargoyle Fighter began the quest for the Orb.
     0 | D:1      | Reached XP level 1. HP: 14/14 MP: 1/1
     0 | D:1      | 0 ||| qw: Version: 0.2-a-108-gee2c290
     0 | D:1      | 0 ||| qw: Game counter: 1331
     0 | D:1      | 0 ||| qw: Always use a shield: true
     0 | D:1      | 0 ||| qw: God list: Okawaru
     0 | D:1      | 0 ||| qw: Allow faded altars: false
     0 | D:1      | 0 ||| qw: Do Orc after D:15 true
     0 | D:1      | 0 ||| qw: Do second Lair branch before Depths: true
     0 | D:1      | 0 ||| qw: Lair rune preference: random
     0 | D:1      | 0 ||| qw: Plans: Normal, Zot:1-4, Slime:5, God:TSO, Crypt,
                  | Tomb, Abyss, Pan, Hells, Win
     0 | D:1      | 0 ||| PLANNING D:1-11
    33 | D:1      | 33 ||| Stepping ~*~*~tactically~*~*~ (hiding).
    38 | D:1      | Reached skill level 2 in Axes
   181 | D:1      | Reached XP level 2. HP: 19/19 MP: 2/2
   334 | D:1      | 334 ||| DROPPING +0 club.
   467 | D:1      | Reached skill level 3 in Axes
   509 | D:1      | Reached XP level 3. HP: 23/23 MP: 3/3
   585 | D:1      | 585 ||| UPGRADING to ring of see invisible.
   586 | D:1      | 586 ||| READING scroll labelled TIPLOE BYICIDD.
   587 | D:1      | 587 ||| READING scroll labelled ORAUBYAJAC.
   588 | D:1      | 588 ||| DRINKING 2 murky puce potions.
   751 | D:2      | 751 ||| Stepping ~*~*~tactically~*~*~ (stealth).
   753 | D:2      | 753 ||| Stepping ~*~*~tactically~*~*~ (stealth).
   760 | D:2      | 760 ||| Stepping ~*~*~tactically~*~*~ (stealth).
   761 | D:2      | 761 ||| Stepping ~*~*~tactically~*~*~ (stealth).
  1017 | D:2      | Reached XP level 4. HP: 27/28 MP: 4/4
  1295 | D:2      | 1295 ||| READING scroll labelled GULUKE GIMMONK.
  1296 | D:2      | 1296 ||| READING scroll labelled VAAPSUECYS.
  1297 | D:2      | 1297 ||| READING 2 scrolls of identify.
  1297 | D:2      | 1297 ||| IDENTIFYING fizzy emerald potion
  1298 | D:2      | 1298 ||| DROPPING potion of ambrosia.
  1523 | D:3      | Found a blossoming altar of Fedhas.
  1535 | D:3      | Reached skill level 4 in Axes
  1658 | D:3      | 1658 ||| Stepping ~*~*~tactically~*~*~ (stealth).
  1660 | D:3      | 1660 ||| Stepping ~*~*~tactically~*~*~ (stealth).
  1661 | D:3      | 1661 ||| Stepping ~*~*~tactically~*~*~ (stealth).
  1663 | D:3      | 1663 ||| Stepping ~*~*~tactically~*~*~ (stealth).
  1671 | D:3      | 1671 ||| Stepping ~*~*~tactically~*~*~ (stealth).
  1681 | D:3      | 1681 ||| Stepping ~*~*~tactically~*~*~ (stealth).
  1689 | D:3      | 1689 ||| Stepping ~*~*~tactically~*~*~ (hiding).
  2315 | D:3      | 2315 ||| UPGRADING to +0 chain mail.
  2325 | D:3      | 2325 ||| DROPPING +0 scale mail.
  2326 | D:3      | 2326 ||| READING scroll labelled CAESTO LACI.
  2330 | D:3      | 2330 ||| DRINKING 2 metallic puce potions.
  2331 | D:3      | 2331 ||| READING 2 scrolls of identify.
  2331 | D:3      | 2331 ||| IDENTIFYING red potion
  2362 | D:4      | Noticed a scorpion
  2376 | D:4      | Killed a scorpion
  2377 | D:4      | Reached skill level 5 in Axes
  2377 | D:4      | Reached XP level 5. HP: 22/32 MP: 5/5
  2459 | D:4      | 2459 ||| Stepping ~*~*~tactically~*~*~ (hiding).
  2463 | D:4      | 2463 ||| Stepping ~*~*~tactically~*~*~ (hiding).
  2575 | D:4      | 2575 ||| Stepping ~*~*~tactically~*~*~ (stealth).
  2591 | D:4      | 2591 ||| Stepping ~*~*~tactically~*~*~ (stealth).
  2604 | D:4      | 2604 ||| Stepping ~*~*~tactically~*~*~ (stealth).
  2622 | D:4      | Reached XP level 6. HP: 34/38 MP: 6/6
  2663 | D:4      | 2663 ||| Stepping ~*~*~tactically~*~*~ (stealth).
  2721 | D:4      | 2721 ||| Stepping ~*~*~tactically~*~*~ (stealth).
  2862 | D:4      | HP: 9/38 [gnoll/+0 halberd[a gnoll bouda] (6)]
  2862 | D:4      | HP: 2/38 [gnoll/+0 spear[a gnoll bouda] (7)]
  2863 | D:4      | Mangled by a gnoll bouda

Levels and vault maps discovered:
D:1:      amcnicky_arrival_double_pillar, layout_rooms
D:2:      layout_loops_ring, serial_bayou_lagoon_a
D:3:      layout_basic, fedhas_altar_1, minmay_misc_feat_pillars, minmay_cupped
D:4:      layout_loops_corners, kennysheep_cross_bottleneck

Skill      XL: |  1  2  3  4  5 |
---------------+----------------+-----
Axes           | 2 3 5 |  5.6
Fighting       | 4 |  4.2
Armour         | |  3.2
Shields        | |  3.2

Action                     |  1- 3 |  4- 6 || total
---------------------------+-------+-------++-------
  Melee: War axe           |   125 |   138 ||   263
    Use: Scroll            |     2 |     5 ||     7
         Potion            |     1 |     1 ||     2
 Armour: Scale mail        |    85 |    31 ||   116
         Chain mail        |       |    29 ||    29
  Dodge: Dodged            |    58 |    50 ||   108
  Block: Buckler           |    18 |    21 ||    39

Table legend:
 A = Non-vault XP
 B = Vault XP
 C = Vault XP percentage of total XP
 D = Non-vault monster count
 E = Vault monster count
 F = Vault count percentage of total count
                 A         B        C        D         E       F
            +---------+---------+-------+---------+---------+-------
      Total |     448 |      12 |   2.6 |      69 |       6 |   8.0
            +---------+---------+-------+---------+---------+-------
        D:1 |      37 |       0 |   0.0 |      20 |       0 |   0.0
        D:2 |      48 |       0 |   0.0 |      14 |       0 |   0.0
        D:3 |      51 |      12 |  19.0 |      20 |       6 |  23.1
        D:4 |     312 |       0 |   0.0 |      15 |       0 |   0.0
            +---------+---------+-------+---------+---------+-------
